[Event "Team 45 45 League T78"]
[Site "Internet Chess Club"]
[Date "2018.10.23"]
[Round "5"]
[White "PolishRyszard"]
[Black "fledermaus"]
[Result "1/2-1/2"]
[WhiteElo "1827"]
[BlackElo "1827"]
[Opening "Nimzovich-Larsen attack: Indian variation"]
[ECO "A01"]
[Time "15:31:24"]
[TimeControl "2700+45"]

1. b3 Nf6 2. Bb2 g6 3. g3 Bg7 4. Bg2 O-O 5. e4 d6 6. Ne2 c5 7. O-O e5 8. Na3 Nc6
9. c3 d5 10. exd5 Nxd5 11. Nc4 Nde7 12. Ne3 Be6 13. Qc2 Rc8 14. d3 f5 15. f4 Nd5
16. Qd2 exf4 17. Nxd5 Bxd5 18. Nxf4 Bxg2 19. Qxg2 Re8 20. Rfe1 Qd7 21. Rad1 Rcd8
22. Qf2 b6 23. Rxe8+ Rxe8 24. Re1 Ne5 25. Re2 Ng4 26. Rxe8+ Qxe8 27. Qe2 Qxe2
28. Nxe2 Ne3 29. Bc1 Nd5 30. Bd2 Kf7 31. Kf2 Ke6 {Game drawn by mutual
agreement} 1/2-1/2

[Event "Team 45 45 League T78"]
[Site "Internet Chess Club"]
[Date "2018.10.21"]
[Round "5"]
[White "LookImYourVader"]
[Black "cadmiumorange"]
[Result "1/2-1/2"]
[WhiteElo "1857"]
[BlackElo "1843"]
[Opening "Robatsch (modern) defense"]
[ECO "A40"]
[Time "14:00:55"]
[TimeControl "2700+45"]

1. d4 g6 2. e4 Bg7 3. Nc3 d6 4. Bc4 Nc6 5. Be3 e5 6. Bb5 Bd7 7. Nf3 Nf6 8. dxe5
Nxe5 9. Nxe5 dxe5 10. Bxd7+ Qxd7 11. Qxd7+ Nxd7 {Game drawn by mutual agreement}
1/2-1/2

[Event "Team 45 45 League T78"]
[Site "Internet Chess Club"]
[Date "2018.10.23"]
[Round "5"]
[White "walkover"]
[Black "elmaestro"]
[Result "0-1"]
[WhiteElo "1710"]
[BlackElo "1700"]
[Opening "Sicilian: Canal-Sokolsky (Nimzovich-Rossolimo, Moscow) attack"]
[ECO "B51"]
[Time "10:17:24"]
[TimeControl "2700+45"]

1. e4 c5 2. Nf3 d6 3. Bb5+ Nd7 4. d4 cxd4 5. Qxd4 a6 6. Bxd7+ Bxd7 7. O-O e5 8.
Qd3 Nf6 9. Nc3 Rc8 10. Bg5 Be7 11. Bxf6 gxf6 12. Nh4 Be6 13. Nd5 Bxd5 14. exd5
Qc7 15. c3 O-O 16. Nf5 Kh8 17. f4 Rg8 18. fxe5 fxe5 19. Nh6 Rg6 20. Nxf7+ Kg7
21. Rf5 Bf6 22. Raf1 Qxf7 23. h4 Rg8 24. h5 Rh6 25. Qg3+ Kh8 26. Qf3 Rf8 27. g4
Qe7 28. g5 Rg8 29. g6 hxg6 30. hxg6 {White resigns} 0-1

[Event "Team 45 45 League T78"]
[Site "Internet Chess Club"]
[Date "2018.10.20"]
[Round "5"]
[White "Yedixon"]
[Black "room-matt"]
[Result "0-1"]
[WhiteElo "1661"]
[BlackElo "1839"]
[Opening "Ruy Lopez: Bird's defense"]
[ECO "C61"]
[Time "10:56:50"]
[TimeControl "2700+45"]

1. e4 e5 2. Nf3 Nc6 3. Bb5 Nd4 4. Nc3 Nxb5 5. Nxb5 d6 6. d4 Bd7 7. Nc3 exd4 8.
Qxd4 Bg4 9. Be3 Nf6 10. Nh4 c5 11. Qd3 Qb6 12. O-O Be7 13. f3 Be6 14. Qb5+ Qxb5
15. Nxb5 O-O 16. g3 d5 17. Rad1 d4 18. Bf2 Bc4 19. Nc7 Rac8 {White resigns} 0-1

[Event "Team 45 45 League T78"]
[Site "Internet Chess Club"]
[Date "2018.10.20"]
[Round "5"]
[White "fishhead"]
[Black "misuc56"]
[Result "1-0"]
[WhiteElo "1724"]
[BlackElo "1563"]
[Opening "Sicilian defense"]
[ECO "B32"]
[Time "15:31:11"]
[TimeControl "2700+45"]

1. e4 c5 2. Nf3 Nc6 3. d4 cxd4 4. Nxd4 d6 5. Nc3 Bd7 6. Bc4 g6 7. Nxc6 bxc6 8.
Bg5 Bg7 9. Qd2 Rb8 10. Bb3 Nf6 11. f3 O-O 12. O-O-O Rb7 13. Bh6 Qc8 14. Bxg7
Kxg7 15. Na4 Be6 16. g4 Bxb3 17. cxb3 Rb5 18. h4 h5 19. Nc3 Rb8 20. Qg5 Nh7 21.
Qxe7 d5 22. gxh5 Rb7 23. Qe5+ f6 24. Qg3 Qe8 25. hxg6 Qxg6 26. Qxg6+ Kxg6 27.
exd5 cxd5 28. Rxd5 Rff7 29. Ne4 Rbd7 30. Rhd1 Rxd5 31. Rxd5 Nf8 32. b4 Rd7 33.
h5+ Kf7 34. Rxd7+ Nxd7 35. Nd6+ Ke6 36. Nb5 a6 37. Nc7+ Kf5 38. Nxa6 Kg5 39. Kd2
Kxh5 40. Nc5 Nb6 41. b3 Kg5 42. Nd3 Kf5 43. a4 Nd5 44. b5 Ke6 45. a5 Kd7 46.
Nc5+ Kc7 47. Kd3 Kd6 48. Ne4+ Kc7 49. Kd4 Nb4 50. Nxf6 Nc2+ 51. Kc5 Na1 52. Nd5+
Kb7 53. Kc4 Nc2 54. f4 Na3+ 55. Kc5 Nc2 56. f5 Ne1 57. f6 Nf3 58. f7 Ne5 59. a6+
Ka7 60. Nc7 Nxf7 61. b6+ Kb8 62. a7+ Kc8 63. a8=Q+ Kd7 64. Qe8# {Black
checkmated} 1-0

[Event "Team 45 45 League T78"]
[Site "Internet Chess Club"]
[Date "2018.10.20"]
[Round "5"]
[White "Goli"]
[Black "Gojira"]
[Result "1/2-1/2"]
[WhiteElo "1675"]
[BlackElo "1666"]
[Opening "Sicilian: Alapin's variation (2.c3)"]
[ECO "B22"]
[Time "06:01:07"]
[TimeControl "2700+45"]

1. e4 c5 2. c3 d5 3. exd5 Qxd5 4. d4 Nc6 5. Nf3 Bg4 6. Be2 e6 7. O-O Nf6 8. h3
Bh5 9. Na3 cxd4 10. Nb5 Rc8 11. Nbxd4 Be7 12. Be3 O-O 13. Nxc6 Qxc6 14. Ne5 Qd6
15. Bxh5 Qxe5 16. Bf3 Bc5 17. Re1 Bxe3 18. Rxe3 Qb5 19. b3 Rfd8 20. Qe1 Rd6 21.
c4 Qd7 22. Rd1 Rxd1 23. Qxd1 Rd8 24. Qxd7 Rxd7 25. Kf1 Kf8 26. Ke2 Ke7 27. Rd3
b6 28. Rxd7+ Kxd7 29. Kd3 Kd6 30. b4 Nd7 31. Bd1 f6 32. Ba4 e5 33. Bxd7 Kxd7 34.
a4 Kc6 35. Kc3 f5 36. f3 {Game drawn by mutual agreement} 1/2-1/2

[Event "Team 45 45 League T78"]
[Site "Internet Chess Club"]
[Date "2018.10.19"]
[Round "5"]
[White "Percival"]
[Black "charles-allen"]
[Result "1-0"]
[WhiteElo "2071"]
[BlackElo "1817"]
[Opening "Dutch defense, Rubinstein variation"]
[ECO "A40"]
[Time "20:08:39"]
[TimeControl "2700+45"]

1. d4 e6 2. c4 f5 3. Nc3 Nf6 4. f3 Bb4 5. Bd2 d6 6. a3 Ba5 7. b4 Bb6 8. c5 dxc5
9. dxc5 Bxc5 10. bxc5 O-O 11. e3 e5 12. Bc4+ Kh8 13. Nge2 Nbd7 14. Na4 e4 15. f4
Ng4 16. O-O Rf6 17. h3 Rh6 18. Qe1 Ndf6 19. Rd1 Qe8 20. Nac3 Qg6 21. Ng3 Nh5 22.
Nxh5 Rxh5 23. Qg3 Qh6 24. hxg4 fxg4 25. Nxe4 {Black resigns} 1-0

[Event "Team 45 45 League T78"]
[Site "Internet Chess Club"]
[Date "2018.10.17"]
[Round "5"]
[White "ArturitoGalacti"]
[Black "nathanpillay"]
[Result "1-0"]
[WhiteElo "1897"]
[BlackElo "1720"]
[Opening "English: Anglo-Dutch defense"]
[ECO "A10"]
[Time "16:01:19"]
[TimeControl "2700+45"]

1. c4 f5 2. Nc3 Nf6 3. g3 g6 4. Bg2 Bg7 5. d3 O-O 6. Nf3 d6 7. O-O e5 8. Rb1 c6
9. Bd2 Be6 10. Ng5 Bf7 11. Nxf7 Rxf7 12. b4 d5 13. cxd5 cxd5 14. Qb3 e4 15. Bg5
d4 16. Bxf6 Bxf6 17. Nd5 Nc6 18. Nxf6+ Qxf6 19. dxe4 fxe4 20. Bxe4 Kg7 21. Rbc1
Ne5 22. f3 Re8 23. Qa4 Rd8 24. Qxa7 d3 25. exd3 Nxd3 26. Rcd1 b6 27. Qa3 Ne5 28.
Rxd8 Qxd8 29. Qc3 Qf6 30. f4 Ng4 31. Qxf6+ Kxf6 32. Rc1 Re7 33. Bf3 Ne3 34. Rc6+
Re6 35. Rxe6+ Kxe6 36. a4 Nc4 37. Be2 Nd6 38. a5 bxa5 39. bxa5 Kd5 40. a6 Nc8
41. Kf2 Kc5 42. Ke3 Kb6 43. g4 Nd6 44. Bd3 Ka7 45. f5 gxf5 46. gxf5 h5 47. Kf4
h4 48. Ke5 Nf7+ 49. Kf6 Nh6 50. Be2 Kb6 51. Kg6 Ng8 52. f6 h3 53. f7 {Black
resigns} 1-0

[Event "Team 45 45 League T78"]
[Site "Internet Chess Club"]
[Date "2018.10.20"]
[Round "5"]
[White "searchforbobby1"]
[Black "janh"]
[Result "1-0"]
[WhiteElo "2081"]
[BlackElo "1922"]
[Opening "Scandinavian: Pytel-Wade variation"]
[ECO "B01"]
[Time "22:06:42"]
[TimeControl "2700+45"]

1. e4 d5 2. exd5 Qxd5 3. Nc3 Qd6 4. d4 Nf6 5. Nf3 a6 6. g3 Bg4 7. Bg2 Nc6 8. O-O
O-O-O 9. d5 Nb4 10. h3 Bh5 11. Bf4 Qc5 12. Be3 Qa5 13. g4 Bg6 14. Nd4 Nbxd5 15.
Nb3 Qb4 16. Nxd5 Nxd5 17. Bxd5 e6 18. a3 Qe7 19. Bxb7+ Kxb7 20. Na5+ Kc8 21. Qf3
Rd5 22. c4 Rd3 23. Qa8+ Kd7 24. Qc6+ Kc8 25. Qxa6+ Kd7 26. Qb5+ Kc8 27. Rad1 Qd6
28. Rxd3 Qxd3 29. Qa4 Bd6 30. c5 Bh2+ 31. Kxh2 Qxf1 32. Qc6 Rd8 33. Nb7 Qd3 34.
Nxd8 Kxd8 35. Bf4 Qd7 36. Qa8+ Qc8 37. Qc6 Qd7 38. Qb7 f6 39. c6 Qc8 40. f3 e5
41. Be3 Qe6 42. Bc5 Be8 43. Qb8+ {Black resigns} 1-0

[Event "Team 45 45 League T78"]
[Site "Internet Chess Club"]
[Date "2018.10.20"]
[Round "5"]
[White "primerpaso"]
[Black "Manon"]
[Result "1/2-1/2"]
[WhiteElo "1765"]
[BlackElo "1991"]
[Opening "English opening"]
[ECO "A17"]
[Time "09:03:06"]
[TimeControl "2700+45"]

1. c4 Nf6 2. Nc3 e6 3. g3 d5 4. cxd5 exd5 5. d4 c5 6. Nf3 cxd4 7. Nxd4 Nc6 8.
Bg2 Qb6 9. Nb3 d4 10. Ne4 Nxe4 11. Bxe4 Be6 12. O-O Rd8 13. Bd2 Bd5 14. Qc2 Nb4
15. Bxb4 Bxb4 16. Bxd5 Rxd5 17. Qc4 Rd7 18. Rfd1 O-O 19. Rxd4 Rxd4 20. Qxd4 Qxd4
21. Nxd4 Rd8 22. e3 g6 23. Kf1 Kg7 24. Rc1 Rd7 25. Ke2 a6 26. Rc4 Bd6 27. Nf3 f5
28. Rd4 Kf6 29. Nd2 Ke7 30. Nc4 Bc5 31. Rxd7+ Kxd7 32. Kd3 b5 33. Nd2 Ke6 34.
Nb3 Be7 35. Kc3 Kd5 36. Kd3 h5 37. Nd4 h4 38. f3 hxg3 39. hxg3 Bf6 40. b3 Ke5
41. Nc6+ Kd6 42. Nb4 a5 43. Nc2 Be5 44. f4 Bf6 45. e4 fxe4+ 46. Kxe4 Kc5 47. g4
a4 48. g5 axb3 49. axb3 Bc3 50. f5 gxf5+ 51. Kxf5 Kd5 52. g6 Bh8 53. Na3 Kc5 54.
Nc2 Kd5 55. Kg5 Bg7 56. Kf5 Bh8 57. Kg5 Bg7 58. Ne3+ Ke5 59. Nc2 Kd5 {Game drawn
by repetition} 1/2-1/2

[Event "Team 45 45 League T78"]
[Site "Internet Chess Club"]
[Date "2018.10.21"]
[Round "5"]
[White "laurenpar"]
[Black "QuieroAprender"]
[Result "1-0"]
[WhiteElo "1876"]
[BlackElo "1689"]
[Opening "King's Indian: Semi-Averbakh system"]
[ECO "E73"]
[Time "21:30:41"]
[TimeControl "2700+45"]

1. d4 Nf6 2. c4 g6 3. Nc3 d6 4. e4 Bg7 5. Be2 O-O 6. Be3 e5 7. d5 c5 8. Qd2 Na6
9. h4 h5 10. O-O-O Nb4 11. a3 Na6 12. Nh3 Bxh3 13. Rxh3 Kh7 14. f3 {Black
resigns} 1-0

[Event "Team 45 45 League T78"]
[Site "Internet Chess Club"]
[Date "2018.10.19"]
[Round "5"]
[White "andrew37"]
[Black "LookImYourVader"]
[Result "0-1"]
[WhiteElo "1664"]
[BlackElo "1858"]
[Opening "Queen's pawn game"]
[ECO "A32"]
[Time "16:01:27"]
[TimeControl "2700+45"]

1. d4 Nf6 2. c4 e6 3. Nc3 c5 4. Nf3 cxd4 5. Nxd4 d5 6. e3 Bc5 7. Bd3 O-O 8. Be2
Nc6 9. cxd5 Nxd5 10. O-O Nxc3 11. bxc3 Bd7 12. Qc2 Rc8 13. Rd1 Qf6 14. Nb3 Nb8
15. Nxc5 Rxc5 16. Ba3 Rxc3 17. Qb2 Rfc8 18. Qxb7 Rxa3 19. Rab1 Rac3 20. Rxd7
Nxd7 21. Qxd7 Rc1+ 22. Bf1 Qc3 23. Rb7 Qa1 24. Qxf7+ Kh8 25. g3 Rxf1+ 26. Kg2
Rg1+ 27. Kh3 Qf6 28. Rc7 Qxf7 {White resigns} 0-1

[Event "Team 45 45 League T78"]
[Site "Internet Chess Club"]
[Date "2018.10.21"]
[Round "5"]
[White "krysto"]
[Black "Ajolote"]
[Result "0-1"]
[WhiteElo "1559"]
[BlackElo "1950"]
[Opening "Nimzo-Indian: 4.e3, main line"]
[ECO "E59"]
[Time "21:01:14"]
[TimeControl "2700+45"]

1. d4 Nf6 2. c4 e6 3. Nc3 Bb4 4. e3 O-O 5. Bd3 c5 6. Nf3 d5 7. O-O Nc6 8. a3
Bxc3 9. bxc3 dxc4 10. Bxc4 Qc7 11. Bd3 Rd8 12. Bb2 e5 13. Qc2 Bg4 14. Ng5 h6 15.
Ne4 Nxe4 16. Bxe4 exd4 17. cxd4 cxd4 18. Bxd4 Rac8 19. Rfc1 Nxd4 20. Qxc7 Ne2+
21. Kf1 Nxc1 22. Qxc1 Rxc1+ 23. Rxc1 Rc8 24. Rxc8+ Bxc8 25. Ke2 Kf8 26. Kd3 Ke7
27. Kd4 Kd6 28. f4 b6 29. Bf3 f5 30. e4 fxe4 31. Bxe4 a5 32. h3 b5 33. g4 Be6
34. f5 Bf7 35. h4 b4 36. axb4 axb4 37. g5 b3 38. g6 Bg8 39. Kc3 Ke5 40. Bc6 Kxf5
41. Be8 Kf6 42. Kb2 Be6 43. Kc3 Bf5 44. Bf7 Bxg6 45. Bxb3 Ke5 46. Bd1 h5 47. Kd2
Kf4 48. Ke2 Kg3 49. Ke3 Kxh4 50. Kf4 Bh7 51. Kf3 g5 52. Kg2 g4 53. Be2 Kg5 54.
Kg3 h4+ 55. Kg2 Kf4 56. Bf1 Be4+ 57. Kh2 Ke3 58. Kg1 h3 59. Kh2 Kf2 60. Bg2 g3+
61. Kxh3 Bxg2+ {White resigns} 0-1

[Event "Team 45 45 League T78"]
[Site "Internet Chess Club"]
[Date "2018.10.19"]
[Round "5"]
[White "Portola"]
[Black "scostanzo212"]
[Result "1-0"]
[WhiteElo "1773"]
[BlackElo "1519"]
[Opening "Colle system"]
[ECO "D02"]
[Time "19:02:24"]
[TimeControl "2700+45"]

1. d4 d5 2. Nf3 Nf6 3. c3 c5 4. e3 e6 5. Bd3 Nc6 6. Nbd2 Bd6 7. O-O O-O 8. e4
dxe4 9. Nxe4 Nxe4 10. Bxe4 h6 11. Bxc6 bxc6 12. dxc5 Bxc5 13. Qa4 Qb6 14. Qg4
Kh7 15. Qh5 Be7 16. g4 Qb5 17. Qh3 Qd3 18. Ng5+ {Black resigns} 1-0

[Event "Team 45 45 League T78"]
[Site "Internet Chess Club"]
[Date "2018.10.21"]
[Round "5"]
[White "ryanfu2008"]
[Black "misuc56"]
[Result "0-1"]
[WhiteElo "1480"]
[BlackElo "1513"]
[Opening "Sicilian: accelerated fianchetto, modern variation"]
[ECO "B34"]
[Time "12:30:54"]
[TimeControl "2700+45"]

1. e4 c5 2. Nf3 Nc6 3. d4 cxd4 4. Nxd4 g6 5. Nc3 Bg7 6. Be3 d6 7. Be2 Bd7 8. O-O
a6 9. f4 Rb8 10. a3 h5 11. Nb3 Be6 12. Nd4 Bd7 13. Nb3 Nf6 14. h3 Qc8 15. h4 Bg4
16. g3 O-O 17. Qe1 Bxe2 18. Qxe2 Ng4 19. Bd2 Nd4 20. Nxd4 Bxd4+ 21. Kg2 Bg7 22.
Rac1 b5 23. Rb1 Re8 24. Rfc1 e6 25. Nd1 Qb7 26. Kf1 Rbc8 27. Nf2 Nxf2 28. Kxf2
f5 29. exf5 exf5 30. Qf3 Re4 31. Re1 d5 32. Rxe4 dxe4 33. Qd1 Rd8 34. Qc1 Qc6
35. c3 Qd5 36. Be3 Qb3 37. Kg2 Rd3 38. Kf2 Kh7 39. Ra1 a5 40. Rb1 b4 41. axb4
axb4 42. c4 Rxe3 43. Qxe3 Qc2+ 44. Qe2 Qxb1 45. Qd2 Qxb2 46. Qxb2 Bxb2 47. c5
Bd4+ 48. Ke2 Bxc5 {White resigns} 0-1

[Event "Team 45 45 League T78"]
[Site "Internet Chess Club"]
[Date "2018.10.20"]
[Round "5"]
[White "g8wrb"]
[Black "Pawnchain"]
[Result "1/2-1/2"]
[WhiteElo "1336"]
[BlackElo "1373"]
[Opening "French: Tarrasch, closed variation"]
[ECO "C05"]
[Time "08:04:15"]
[TimeControl "2700+45"]

1. e4 e6 2. d4 d5 3. Nd2 Nf6 4. e5 Nfd7 5. Bd3 c5 6. c3 Nc6 7. Ngf3 cxd4 8. cxd4
Qb6 9. Nb3 a5 10. a4 Bb4+ 11. Bd2 Bxd2+ 12. Nfxd2 Nxd4 13. O-O Nxe5 {Game drawn
by mutual agreement} 1/2-1/2

[Event "Team 45 45 League T78"]
[Site "Internet Chess Club"]
[Date "2018.10.20"]
[Round "5"]
[White "kidcobra"]
[Black "Chessfish"]
[Result "0-1"]
[WhiteElo "1794"]
[BlackElo "1874"]
[Opening "Evans gambit"]
[ECO "C52"]
[Time "20:00:29"]
[TimeControl "2700+45"]

1. e4 e5 2. Nf3 Nc6 3. Bc4 Bc5 4. b4 Bxb4 5. c3 Ba5 6. d4 exd4 7. O-O Nf6 8. e5
d5 9. exf6 dxc4 10. fxg7 Rg8 11. Bg5 Qd5 12. Bf6 Qf5 13. Bxd4 Be6 14. Nh4 Qg5
15. Nf3 Qd5 16. Na3 Nxd4 17. Nxd4 O-O-O 18. Nxe6 fxe6 19. Qg4 Bxc3 20. Rad1 Rxg7
21. Rxd5 Rxg4 22. Rh5 Bb2 23. Nc2 Rd2 24. Ne3 Rgd4 25. Rxh7 c3 26. Rh8+ Kd7 27.
Rh7+ Kc6 28. Rh6 Re4 29. h4 c2 30. Nxc2 Rxc2 31. a4 Rxa4 32. Rxe6+ Kb5 33. h5
Rh4 34. Rh6 Rc5 35. Rb1 Rb4 36. Re1 a5 37. g4 Rxg4+ 38. Kf1 a4 39. f3 Rh4 40.
Kg2 Rhxh5 41. Rhe6 Rhe5 42. f4 Rxe1 43. Rxe1 a3 44. f5 Rxf5 45. Re2 Ka5 46. Kg3
a2 47. Rxb2 a1=Q 48. Rg2 Qc3+ 49. Kh4 Rf4+ 50. Kh5 Qe5+ 51. Kg6 Rf6+ 52. Kh7
Qe7+ 53. Rg7 Rf7 54. Kh8 Qf8+ 55. Rg8 Qh6# {White checkmated} 0-1

[Event "Team 45 45 League T78"]
[Site "Internet Chess Club"]
[Date "2018.10.18"]
[Round "5"]
[White "DaveTheRook"]
[Black "evan7284"]
[Result "0-1"]
[WhiteElo "1597"]
[BlackElo "1625"]
[Opening "King's Indian: Sämisch, orthodox, 7.d5"]
[ECO "E87"]
[Time "16:09:19"]
[TimeControl "2700+45"]

1. d4 Nf6 2. c4 g6 3. Nc3 Bg7 4. e4 d6 5. f3 O-O 6. Be3 e5 7. d5 Ne8 8. Qd2 f5
9. Bh6 Qh4+ 10. Kd1 Bxh6 11. Qe1 Qxe1+ 12. Kxe1 fxe4 13. Nxe4 Nf6 14. Ng3 c6 15.
dxc6 Nxc6 16. Rd1 Nd4 17. Bd3 Rd8 18. N1e2 Nxe2 19. Kxe2 Be6 20. Rhe1 Rac8 21.
b3 Kf7 22. Kf2 Bf4 23. Ne2 Bf5 24. Nxf4 exf4 25. Be2 g5 26. g4 fxg3+ 27. hxg3 g4
28. f4 Ne4+ 29. Kg2 Nc3 30. Rd2 Nxe2 31. Rexe2 Rc7 32. Kf2 Re7 33. Rxe7+ Kxe7
34. Rd5 Ke6 35. Ke3 b6 36. a3 Rc8 37. Rd2 b5 38. Kd4 bxc4 39. bxc4 Rc5 40. Rh2
Ra5 41. Rh6+ Bg6 42. a4 Rxa4 {White resigns} 0-1

[Event "Team 45 45 League T78"]
[Site "Internet Chess Club"]
[Date "2018.10.21"]
[Round "5"]
[White "ChessMaine"]
[Black "pokerram"]
[Result "1-0"]
[WhiteElo "1543"]
[BlackElo "1572"]
[Opening "Queen's pawn game"]
[ECO "D00"]
[Time "19:00:54"]
[TimeControl "2700+45"]

1. d4 d5 2. e3 c5 3. c3 Nf6 4. Bd3 Nc6 5. Bb5 cxd4 6. exd4 Bd7 7. Nf3 a6 8. Bd3
e6 9. O-O Bd6 10. Bg5 h6 11. Bh4 g5 12. Bg3 Qc7 13. Qe2 Bf4 14. Nbd2 Qb6 15. Nb3
Nh5 16. Bxf4 Nxf4 17. Qe3 Nxd3 18. Qxd3 Qc7 19. Rac1 Na5 20. Qc2 Nc4 21. Nc5 b6
22. Nxd7 Qxd7 23. b3 Nd6 24. Ne5 Qb7 25. f4 Nf5 26. Qd3 gxf4 27. Rxf4 f6 28. Ng4
Qg7 29. Qe2 Qe7 30. Re1 Ra7 31. Qxe6 Qxe6 32. Rxe6+ Re7 33. Rxe7+ Nxe7 34. Nxf6+
Kd8 35. Ng4 h5 36. Ne5 Ke8 37. c4 Rg8 38. Rf6 dxc4 39. bxc4 b5 40. Rxa6 Nc8 41.
cxb5 Rg7 42. a4 Rc7 43. Rc6 Rxc6 44. Nxc6 Kd7 45. Kf2 Kc7 46. Kf3 Kb6 47. Kf4
Nd6 48. Kg5 Ne4+ 49. Kxh5 Nf2 50. g4 Ne4 51. g5 {Black resigns} 1-0

[Event "Team 45 45 League T78"]
[Site "Internet Chess Club"]
[Date "2018.10.21"]
[Round "5"]
[White "liujf"]
[Black "losscause"]
[Result "1-0"]
[WhiteElo "1592"]
[BlackElo "1440"]
[Opening "Sicilian: Taimanov variation"]
[ECO "B45"]
[Time "18:32:14"]
[TimeControl "2700+45"]

1. e4 e6 2. d4 c5 3. Nf3 cxd4 4. Nxd4 Nc6 5. Nc3 Bb4 6. Be3 Bxc3+ 7. bxc3 Nf6 8.
f3 a6 9. Be2 O-O 10. O-O b5 11. Bf4 Nxd4 12. cxd4 d5 13. Qd3 Bb7 14. e5 Nd7 15.
Qe3 f6 16. exf6 Qxf6 17. Bd6 Rfe8 18. Rab1 e5 19. Bxe5 Nxe5 20. dxe5 Qxe5 21.
Qxe5 Rxe5 22. Bd3 Rae8 23. a4 Bc6 24. axb5 Bxb5 25. Bxb5 axb5 26. Rxb5 d4 27.
Rxe5 Rxe5 28. Kf2 Rc5 29. Rc1 Kf7 30. Ke2 Rc3 31. Kd2 Ke6 32. Re1+ Kd6 33. Re4
{Black resigns} 1-0

[Event "Team 45 45 League T78"]
[Site "Internet Chess Club"]
[Date "2018.10.23"]
[Round "5"]
[White "cityprosecutor"]
[Black "Timotheous"]
[Result "0-1"]
[WhiteElo "1685"]
[BlackElo "1742"]
[Opening "Sicilian defense"]
[ECO "B20"]
[Time "11:02:44"]
[TimeControl "2700+45"]

1. e4 c5 2. d3 Nc6 3. g3 d5 4. Nd2 dxe4 5. dxe4 g6 6. Bg2 Bg7 7. Ngf3 Nf6 8. O-O
O-O 9. h3 Nd7 10. c3 b6 11. Re1 Bb7 12. Nf1 Nde5 13. Qc2 Nxf3+ 14. Bxf3 Ne5 15.
Bg2 Qd3 16. Ne3 Qxc2 17. Nxc2 Nd3 18. Rd1 Nxc1 19. Raxc1 Rfd8 20. Ne3 Bh6 21. f4
e5 22. Ng4 Bg7 23. fxe5 {White resigns} 0-1

[Event "Team 45 45 League T78"]
[Site "Internet Chess Club"]
[Date "2018.10.21"]
[Round "5"]
[White "idjit"]
[Black "elessar"]
[Result "1-0"]
[WhiteElo "1561"]
[BlackElo "1632"]
[Opening "French: Burn variation"]
[ECO "C11"]
[Time "18:00:53"]
[TimeControl "2700+45"]

1. e4 e6 2. d4 d5 3. Nc3 Nf6 4. Bg5 dxe4 5. Nxe4 Be7 6. Bxf6 Bxf6 7. Nf3 Nd7 8.
Bd3 c5 9. c3 Qc7 10. O-O O-O 11. dxc5 a5 12. b4 axb4 13. Nxf6+ Nxf6 14. cxb4 Re8
15. Re1 Ra3 16. Re3 Kh8 17. Ne5 Nd5 18. Qh5 g6 19. Bxg6 fxg6 20. Nxg6+ Kg7 21.
Rxa3 hxg6 22. Qg5 Rh8 23. Rg3 Ne7 24. h4 Rh5 25. Qxh5 Qxg3 26. fxg3 gxh5 27. a4
Nc6 28. b5 Na5 29. Rc1 Bd7 30. Kf2 Kf6 31. Ke3 Kf5 32. Rf1+ Kg6 33. Kd4 Nb3+ 34.
Ke5 Be8 35. Rf6+ Kg7 36. Rxe6 Bf7 37. Re7 Nxc5 38. Kd6 b6 39. a5 Kf6 40. Rxf7+
Kxf7 41. a6 {Black resigns} 1-0

[Event "Team 45 45 League T78"]
[Site "Internet Chess Club"]
[Date "2018.10.19"]
[Round "5"]
[White "Hal2001"]
[Black "Kingfisher75"]
[Result "1/2-1/2"]
[WhiteElo "1605"]
[BlackElo "1555"]
[Opening "Giuoco Piano"]
[ECO "C54"]
[Time "21:01:50"]
[TimeControl "2700+45"]

1. e4 e5 2. Nf3 Nc6 3. Bc4 Bc5 4. c3 Nf6 5. d3 a6 6. Bb3 d6 7. h3 Ba7 8. Nbd2
Be6 9. Bc2 h6 10. Nf1 d5 11. Qe2 Qd7 12. Ng3 b5 13. Be3 dxe4 14. Nxe4 Nxe4 15.
dxe4 Bc4 16. Qd2 Qxd2+ 17. Bxd2 O-O 18. b3 Be6 19. O-O Rfe8 20. Rfe1 Bc8 21. Be3
Bxe3 22. Rxe3 f6 23. b4 Be6 24. Rd3 Red8 25. Rxd8+ Rxd8 26. a4 Bc4 27. axb5 axb5
28. Rd1 Rxd1+ 29. Bxd1 Ne7 {Game drawn by mutual agreement} 1/2-1/2

[Event "Team 45 45 League T78"]
[Site "Internet Chess Club"]
[Date "2018.10.20"]
[Round "5"]
[White "chesskix"]
[Black "Constrictor"]
[Result "0-1"]
[WhiteElo "1375"]
[BlackElo "1539"]
[Opening "Alekhine's defense: Scandinavian variation"]
[ECO "B02"]
[Time "11:01:19"]
[TimeControl "2700+45"]

1. e4 Nf6 2. Nc3 d5 3. exd5 Nxd5 4. Nxd5 Qxd5 5. d3 e5 6. c4 Bb4+ 7. Bd2 Qa5 8.
a3 Bxd2+ 9. Qxd2 Qxd2+ 10. Kxd2 Nc6 11. Nf3 Bg4 12. Re1 Bxf3 13. gxf3 O-O-O 14.
Bh3+ Kb8 15. Bf5 Nd4 16. Be4 f5 17. Bd5 c6 {White resigns} 0-1

[Event "Team 45 45 League T78"]
[Site "Internet Chess Club"]
[Date "2018.10.21"]
[Round "5"]
[White "MarcB"]
[Black "Goli"]
[Result "0-1"]
[WhiteElo "1633"]
[BlackElo "1695"]
[Opening "Réti: King's Indian attack"]
[ECO "A05"]
[Time "17:04:01"]
[TimeControl "2700+45"]

1. Nf3 Nf6 2. g3 g6 3. c3 Bg7 4. Bg2 O-O 5. O-O d6 6. d3 e5 7. e4 c6 8. Re1 a5
9. a4 Nbd7 10. Nbd2 Nc5 11. Nf1 Be6 12. d4 exd4 13. cxd4 Ncxe4 14. Ng5 Nxg5 15.
Bxg5 h6 16. Be3 Nd5 17. Bc1 Qf6 18. Be3 Nxe3 19. fxe3 d5 20. Nd2 Qe7 21. Nb3 b6
22. e4 dxe4 23. Bxe4 Qd6 24. d5 cxd5 25. Qd2 Rad8 26. Bf3 d4 27. Nc1 d3 28. Ra3
Qd4+ 29. Kg2 Qxb2 30. Qxb2 Bxb2 31. Rxd3 Bxc1 32. Rxd8 Rxd8 33. Rxc1 Rd2+ 34.
Kg1 Rb2 35. Bc6 Bf5 36. Bb5 Rb1 37. Rxb1 Bxb1 38. Kf2 Kf8 39. Ke3 Ke7 40. Kd4
Ba2 41. h4 h5 42. Ke5 Bb3 43. Kd4 Kd6 44. Kc3 Be6 45. Kd4 Bd7 46. Bc4 Bxa4 47.
Bxf7 Bc2 48. Kc4 Bf5 49. Kb5 Kc7 50. Bc4 Bd7+ 51. Ka6 a4 {White resigns} 0-1

[Event "Team 45 45 League T78"]
[Site "Internet Chess Club"]
[Date "2018.10.21"]
[Round "5"]
[White "Egmont"]
[Black "fireball"]
[Result "0-1"]
[WhiteElo "1665"]
[BlackElo "1630"]
[Opening "Budapest: Rubinstein variation"]
[ECO "A52"]
[Time "09:30:56"]
[TimeControl "2700+45"]

1. d4 Nf6 2. c4 e5 3. dxe5 Ng4 4. Bf4 Bb4+ 5. Nd2 Nc6 6. Nf3 Qe7 7. a3 Bxd2+ 8.
Qxd2 Ngxe5 9. Nxe5 Nxe5 10. e3 O-O 11. Be2 d6 12. O-O b6 13. b4 Bb7 14. c5 dxc5
15. bxc5 Rfd8 16. Qb2 Ng6 17. Bg3 Nh4 18. Bxh4 Qxh4 19. Rfd1 Qg5 20. Bf1 Qxc5
21. Rdc1 Qe7 22. Rc4 Rd6 23. Rac1 c5 24. Rg4 Qf6 25. Qa2 Rad8 26. Rf4 Qg6 27.
Rfc4 Bxg2 {White resigns} 0-1

[Event "Team 45 45 League T78"]
[Site "Internet Chess Club"]
[Date "2018.10.20"]
[Round "5"]
[White "Skeptic1972"]
[Black "tightfist"]
[Result "1/2-1/2"]
[WhiteElo "1457"]
[BlackElo "1492"]
[Opening "French: Rubinstein variation"]
[ECO "C10"]
[Time "15:09:38"]
[TimeControl "2700+45"]

1. e4 e6 2. d4 d5 3. Nc3 dxe4 4. Nxe4 Nd7 5. Nf3 Ngf6 6. Nxf6+ Nxf6 7. Bd3 Be7
8. O-O O-O 9. Bg5 Nd5 10. Bxe7 Qxe7 11. c3 b6 12. Qd2 Bb7 13. Rfe1 Qf6 14. Qg5
Qxg5 15. Nxg5 g6 16. Nf3 {Game drawn by mutual agreement} 1/2-1/2

[Event "Team 45 45 League T78"]
[Site "Internet Chess Club"]
[Date "2018.10.21"]
[Round "5"]
[White "SuperPuzzler"]
[Black "nidusin2"]
[Result "1-0"]
[WhiteElo "1512"]
[BlackElo "1459"]
[Opening "Pirc defense"]
[ECO "B07"]
[Time "00:31:17"]
[TimeControl "2700+45"]

1. e4 d6 2. d4 Nf6 3. Nc3 Nbd7 4. f4 e5 5. d5 Be7 6. Nf3 c6 7. fxe5 dxe5 8. d6
Bf8 9. Be3 Ng4 10. Bg1 Qf6 11. h3 Nh6 12. g4 Qxd6 13. Qxd6 Bxd6 14. O-O-O Ke7
15. Rh2 f6 16. Rhd2 Bc5 17. Rxd7+ Bxd7 18. Bxc5+ Ke6 19. Bc4# {Black checkmated}
1-0